 Dungeon Crawl Stone Soup version 0.31-a0-175-g9f7f995f2b (webtiles) character file.

Game seed: 16473461452994231244

67 qw the Shooter (level 4, -2/28 HPs)
             Began as a Gargoyle Hunter on June 16, 2023.
             Killed from afar by Natasha (8 damage)
             ... with a magic dart
             ... on level 2 of the Dungeon.
             The game lasted 00:00:25 (1385 turns).

qw the Shooter (Gargoyle Hunter)                    Turns: 1385, Time: 00:00:26

Health: -2/28      AC:  6    Str: 14    XL:     4   Next: 16%
Magic:  4/4        EV: 11    Int: 10    God:
Gold:   85         SH:  5    Dex: 15    Spells: 3/3 levels left

rFire   . . .        Y - +0 shortbow
rCold   . . .        (shield currently unavailable)
rNeg    + . .        c - +0 leather armour
rPois   inf          (no helmet)
rElec   +            (no cloak)
rCorr   .            (no gloves)
SInv    .            (no boots)
Will    .....        e - amulet of reflection
Stlth   ++           (no ring)
HPRegen 0.24/turn    (no ring)
MPRegen 0.09/turn

%: reflection
@: no status effects
A: sickness immunity, AC +3, negative energy resistance 1, electricity
resistance, torment resistance 1, petrification resistance
a: no special abilities


You were on level 2 of the Dungeon.
You visited 1 branch of the dungeon, and saw 2 of its levels.

You collected 85 gold pieces.


Innate Abilities, Weirdness & Mutations

You are immune to sickness and miasma.
Your stone body is resilient. (AC +3)
You are immune to poison.
You resist negative energy. (rN+)
You are resistant to electric shocks. (rElec)
You are resistant to unholy torment.
You are immune to petrification.


   Skills:
 - Level 3.0 Fighting
 + Level 5.2 Ranged Weapons
 - Level 1.5 Dodging
 - Level 1.1 Stealth


You had 3 spell levels left.
You didn't know any spells.
Your spell library was empty.

Inventory:

Hand Weapons
 Y - a +0 shortbow (weapon)
Armour
 c - a +0 leather armour (worn)
Jewellery
 e - an amulet of reflection (around neck)
Scrolls
 a - a scroll of immolation {unknown}
 b - a scroll of enchant weapon {unknown}
 d - a scroll of poison {unknown}
 f - a scroll of revelation {unknown}

Dungeon Overview and Level Annotations

Branches:
Dungeon (2/15)

Altars:

Annotations:
D:2 Natasha


Message History

You shoot an arrow.
The arrow hits the cerulean imp but does no damage.
You block the cerulean imp's attack.
The cerulean imp hits you with a +0 spear.
The cerulean imp hits you but does no damage.
You shoot an arrow.
The arrow hits the cerulean imp but does no damage.
The cerulean imp closely misses you. x2
The cerulean imp hits you with a +0 spear.
Natasha barely misses you.
The cerulean imp hits you from afar with a +0 spear.
You shoot an arrow. The arrow barely misses Natasha.
The arrow hits the cerulean imp.
The cerulean imp is heavily wounded.
The cerulean imp barely misses you.
The cerulean imp hits you with a +0 spear.
Natasha barely misses you.
The cerulean imp hits you but does no damage.
You shoot an arrow. The arrow closely misses Natasha.
The arrow hits the cerulean imp.
The cerulean imp is severely wounded.
You block the cerulean imp's attack.
The cerulean imp hits you but does no damage.
Natasha casts a spell at you. The magic dart hits you.
The cerulean imp hits you but does no damage.
The cerulean imp hits you with a +0 spear.
You shoot an arrow. The arrow barely misses Natasha.
The arrow hits the cerulean imp.
You kill the cerulean imp!
The cerulean imp disappears in a puff of smoke!
The cerulean imp hits you but does no damage.
Natasha closely misses you.
The cerulean imp hits you but does no damage.
You shoot an arrow. The arrow hits Natasha.
Natasha is severely wounded.
The cerulean imp hits you but does no damage.
Natasha casts a spell at you. The magic dart hits you!
You die...

######......
#..........#.......
......>.....####.......777777
#.#.######..##
#.............. ..#.# ##.#
#..7.7...777777 ..#
#..###..............
####....#.7.7.7.......
###.....#...............
......5.####7#7#7.......
##..$h@######..........
......5.......>.........
#################.......
#....... ######.......
######..........7.
##......####....... #..######
##..7.7. #.## ##.....


You could see Natasha and 2 cerulean imps.

Vanquished Creatures
  2 adders (D:2)
  A worm (D:2)
  2 dart slugs (D:2)
  4 ball pythons
  4 bats (D:1)
  3 endoplasms
  A giant cockroach (D:1)
  4 goblins
  8 hobgoblins
  A quokka (D:2)
  2 frilled lizards (D:1)
  4 kobolds
  3 rats
39 creatures vanquished.

Notes
Turn   | Place    | Note
-------+----------+-------------------------------------------
     0 | D:1      | qw the Gargoyle Hunter began the quest for the Orb.
     0 | D:1      | Reached XP level 1. HP: 12/12 MP: 1/1
     0 | D:1      | 0 ||| qw: Version: 0.2-a-29-g511e9b1
     0 | D:1      | 0 ||| qw: Game counter: 5784
     0 | D:1      | 0 ||| qw: Always use a shield: true
     0 | D:1      | 0 ||| qw: God list: Okawaru
     0 | D:1      | 0 ||| qw: Allow faded altars: false
     0 | D:1      | 0 ||| qw: Do Orc after D:15 true
     0 | D:1      | 0 ||| qw: Do second Lair branch before Depths: true
     0 | D:1      | 0 ||| qw: Lair rune preference: random
     0 | D:1      | 0 ||| qw: Plans: Normal, Zot:1-4, Slime:5, God:TSO, Crypt,
                  | Tomb, Abyss, Pan, Hells, Win
     0 | D:1      | 0 ||| PLANNING D:1-11
     6 | D:1      | 6 ||| Stepping ~*~*~tactically~*~*~ (water).
    91 | D:1      | Reached XP level 2. HP: 11/17 MP: 2/2
   728 | D:1      | Reached XP level 3. HP: 21/21 MP: 3/3
   848 | D:1      | Reached skill level 5 in Ranged Weapons
   942 | D:1      | 942 ||| UPGRADING to amulet of reflection.
   947 | D:1      | 947 ||| READING scroll labelled KEXTEGH HEMOODYFE.
   948 | D:1      | 948 ||| DROPPING scroll of butterflies.
  1074 | D:2      | Reached skill level 3 in Fighting
  1091 | D:2      | Reached XP level 4. HP: 28/28 MP: 4/4
  1374 | D:2      | Noticed Natasha
  1383 | D:2      | HP: 6/28 [cerulean imp/+0 spear[Natasha] (3)]
  1385 | D:2      | Killed from afar by Natasha

Levels and vault maps discovered:
D:1:      lightli_arrival_boilingwater, layout_basic
D:2:      layout_rooms, serial_forest, infiniplex_forest_straight_1,
          infiniplex_forest_lined_3_way, infiniplex_forest_straight_2,
          infiniplex_forest_end_2, infiniplex_forest_straight_1,
          infiniplex_forest_clump_C, infiniplex_forest_corner_1,
          infiniplex_forest_lined_corner, ebering_ecumenical_altar_box,
          uniq_natasha, uniq_robin

Skill      XL: |  1  2  3 |
---------------+----------+-----
Ranged Weapons | 5 |  5.2
Fighting       | 3 |  3.0
Dodging        | |  1.5
Stealth        | |  1.1

Action                     |  1- 3 |  4- 6 || total
---------------------------+-------+-------++-------
   Fire: Shortbow          |    87 |    21 ||   108
    Use: Scroll            |     1 |       ||     1
 Armour: Leather armour    |    17 |    10 ||    27
  Dodge: Dodged            |    22 |     8 ||    30
  Block: Other             |       |     5 ||     5
         Reflection        |       |     2 ||     2

Table legend:
 A = Non-vault XP
 B = Vault XP
 C = Vault XP percentage of total XP
 D = Non-vault monster count
 E = Vault monster count
 F = Vault count percentage of total count
                 A         B        C        D         E       F
            +---------+---------+-------+---------+---------+-------
      Total |      96 |       0 |   0.0 |      39 |       0 |   0.0
            +---------+---------+-------+---------+---------+-------
        D:1 |      43 |       0 |   0.0 |      26 |       0 |   0.0
        D:2 |      53 |       0 |   0.0 |      13 |       0 |   0.0
            +---------+---------+-------+---------+---------+-------
